AoeStats
← 乳不巨何以聚人心

Nomad

509944832Analyzed
3v3 RM · 4d ago on Sep 28, 2026· 30m 50s· 6 players
Game mode
Random Map
Map size
210×210
Population
200
Speed
Normal
Resources
Standard
Victory
Conquest
Starting age
Dark Age
Ending age
Imperial Age
RankedLock teamsTeams togetherTeam positionsShared explorationLock speedFull tech treeHidden civsTurbo modeCheats
Victory
Defeat
🇭🇰 Danes · Hong Kong SAR China
1171
+16
🇦🇹 Spanish · Austria
1126
+18
🇦🇹 Hindustanis · Austria
1115
+18
🇬🇧 Italians · United Kingdom
1185
-18
🇦🇷 Vietnamese · Argentina
1180
-18
🇫🇷 Celts · France
1135
-16
HOOLA | Thorfast
5:47 Loom
15:15 Feudal Age
19:50 Castle Age
20:52 Horse Collar
21:30 Double-Bit Axe
21:40 Gold Mining
21:50 Fishing Lines
HOOLA | Gittlerella
8:51 Loom
15:31 Feudal Age
20:11 Castle Age
19:38 Double-Bit Axe
22:35 Scale Barding Armor
23:38 Bloodlines
24:24 Forging
29:20 Chain Barding Armor
乳不巨何以聚人心
5:21 Loom
11:53 Loom
14:20 Feudal Age
16:32 Double-Bit Axe
20:54 Castle Age
20:08 Fletching
22:28 Bow Saw
23:07 Wheelbarrow
24:07 Fishing Lines
Iced0ux
4:41 Loom
15:54 Feudal Age
17:46 Double-Bit Axe
22:15 Castle Age
22:23 Pikeman
23:15 Fletching
25:08 Elite Skirmisher
28:31 Bodkin Arrow
EL TÍO TUPAKIER
4:53 Loom
13:10 Feudal Age
17:08 Castle Age
15:36 Double-Bit Axe
16:08 Stone Mining
16:14 Gold Mining
17:00 Fletching
18:02 Bow Saw
17:55 Fishing Lines
19:05 Horse Collar
19:42 Bodkin Arrow
21:45 Padded Archer Armor
25:31 Scale Barding Armor
26:21 Wheelbarrow
25:47 Heavy Plow
27:10 Forging
33:16 Imperial Age
Flynxis
5:14 Loom
15:25 Feudal Age
20:25 Castle Age
20:22 Stone Mining
20:49 Double-Bit Axe
23:59 Crossbowman
26:24 Fletching
Connection lost

Rejoining the realm…

Still unreachable

The connection could not be restored.

Session expired

The server has moved on; the page needs a fresh start.